 Seeded DCSS version 0.30.1-11-g7821555f0a (webtiles) character file.

Game seed: 6351066067085065685 (custom seed)

0 Esekla the Magician (level 1, 0/10 HPs)
             Began as a Deep Elf Wanderer on Nov 11, 2023.
             Constricted to death by a ball python (1 damage)
             ... on level 1 of the Dungeon.
             The game lasted 00:01:30 (193 turns).

Esekla the Magician (Deep Elf Wanderer)              Turns: 193, Time: 00:01:30

Health: 0/10       AC:  2    Str: 11    XL:     1   Next: 8%
Magic:  7/7        EV:  7    Int: 17    God:
Gold:   0          SH:  3    Dex: 11    Spells: 6/8 levels left

rFire   . . .        a - +0 short sword
rCold   . . .        d - +0 buckler
rNeg    . . .        c - +0 robe
rPois   .            (no helmet)
rElec   .            (no cloak)
rCorr   .            (no gloves)
SInv    .            (no boots)
Will    .....        (no amulet)
Stlth   ++           (no ring)
HPRegen 0.21/turn    (no ring)
MPRegen 0.10/turn

%: no passive effects
@: constricted
A: no striking features
a: no special abilities


You were on level 1 of the Dungeon.
You visited 1 branch of the dungeon, and saw 1 of its levels.

Inventory:

Hand Weapons
 a - a +0 short sword (weapon)
Armour
 c - a +0 robe (worn)
 d - a +0 buckler (worn)
Scrolls
 e - a scroll of fear {unknown}
Potions
 b - a potion of lignification


   Skills:
 + Level 1.2 Stealth
 + Level 1.5 Shields
 * Level 4.4 Spellcasting
 + Level 2.1 Translocations
 + Level 1.0 Invocations


You had 6 spell levels left.
You knew the following spells:

 Your Spells              Type           Power      Damage    Failure   Level
a - Magic Dart            Conj           12%        1d3       22%         1
p - Apportation           Tloc           22%        N/A       9%          1

Your spell library contained the following spells:

 Spells                   Type           Power      Damage    Failure   Level
 Blink                    Tloc           22%        N/A       14%         2
 Lesser Beckoning         Tloc           22%        N/A       14%         2
 Ignite Poison            Fire/Tmut/Pois 3%         N/A       54%         3
 Vampiric Draining        Necr           3%         2d6       54%         3


Dungeon Overview and Level Annotations

Branches:
Dungeon (1/15)

Altars:


Message History

Magic restored.
A kobold comes into view. It is wielding a +0 short sword.
A ball python comes into view.
Found a fuming coppery potion.
You see here a fuming coppery potion.
Found a scroll labelled QOIXKOT YTEE.
Found a scroll labelled OPUZOUSOET.
You see here a scroll labelled QOIXKOT YTEE.
e - a scroll labelled QOIXKOT YTEE The kobold attacks as you move away!
You block the kobold's attack. You block the kobold's attack.
The kobold attacks as you move away! The kobold hits you but does no damage.
The kobold attacks as you move away!
The kobold hits you with a +0 short sword.
The kobold attacks as you move away! You block the kobold's attack.
A frilled lizard comes into view.
A bat and an endoplasm come into view.
The frilled lizard hisses angrily.
The endoplasm quivers.
A ball python comes into view.
The endoplasm moves out of view.
The kobold attacks as you move away!
The kobold hits you with a +0 short sword.
The kobold attacks as you move away!
The kobold hits you with a +0 short sword.
* * * LOW HITPOINT WARNING * * *
A goblin comes into view. It is wielding a +0 club.
The kobold attacks as you move away! The kobold completely misses you.
The ball python hisses angrily.
You block the frilled lizard's attack.
The frilled lizard attacks as you move away!
You block the frilled lizard's attack. The kobold attacks as you move away!
The kobold hits you but does no damage.
Found a puce potion.
The frilled lizard attacks as you move away!
The frilled lizard bites you.
* * * LOW HITPOINT WARNING * * *
Found a runed orb and a bubbling green potion.
The ball python bites you but does no damage.
The ball python grabs you. The ball python constricts you.
You die...

#........# #.#
####...?..### #..
#.....##..########.
......#......... .#
........#.###### #
#.###......##
#.#J....###
...#Kl.....#
#..b#@S..##..
##.[...g.# ##
##!.......!.
#.#.....###
#.#....## #......#
# #....# ######


You could see an endoplasm, a goblin, a ball python, a kobold and a frilled
lizard.

Vanquished Creatures
  A kobold (D:1)
1 creature vanquished.

Notes
Turn   | Place    | Note
-------+----------+-------------------------------------------
     0 | D:1      | Esekla the Deep Elf Wanderer began the quest for the Orb.
     0 | D:1      | Esekla set off with the following items: a +0 club, a
                  | potion of lignification, a +0 robe, a +0 buckler; and the
                  | following spells available to memorise: Apportation, Blink,
                  | Lesser Beckoning, Magic Dart, Ignite Poison, Vampiric
                  | Draining.
     0 | D:1      | Reached XP level 1. HP: 10/10 MP: 7/7
     2 | D:1      | Learned a level 1 spell: Magic Dart
     4 | D:1      | Learned a level 1 spell: Apportation
   193 | D:1      | Constricted to death by a ball python

Illustrated notes

Levels and vault maps discovered:
D:1:      sevenhm_arrival_forest_fort_small_3, layout_rooms,
          chequers_serial_rivers_room_b, minmay_misc_feat_five

Action                     || total
---------------------------++-------
  Melee: Club              ||     3
   Cast: Magic Dart        ||     4
 Armour: Robe              ||     5
  Dodge: Dodged            ||     2
  Block: Buckler           ||     7
